 Dungeon Crawl Stone Soup version 0.29.1-2-gbd0b4ee654 (webtiles) character file.

Game seed: 4952295687398890320

1235 croobank the Caller (level 8, -7/54 HPs)
             Began as an Octopode Summoner on Nov 23, 2022.
             Mangled by an ice beast (10 damage)
             ... on level 5 of the Dungeon.
             The game lasted 00:29:15 (4923 turns).

croobank the Caller (Octopode Summoner)             Turns: 4923, Time: 00:29:16

Health: -7/54      AC:  3    Str:  7    XL:     8   Next: 49%
Magic:  12/14      EV: 14    Int: 19    God:
Gold:   148        SH:  0    Dex: 13    Spells: 6/15 levels left

rFire   + . .      SeeInvis .   v - +2 whip (venom)
rCold   . . .      Faith    .   (no shield)
rNeg    . . .      Spirit   .   (helmet restricted)
rPois   +          Reflect  .   b - amulet of magic regeneration
rElec   .          Harm     .   g - ring of poison resistance
rCorr   .          Rampage  .   n - ring of protection from fire
Will    .....      Clarity  +   (no ring)
Stlth   ++++......              (no ring)
HPRegen 0.18/turn               (no ring)
MPRegen 0.54/turn               (no ring)
                                (no ring)
                                (no ring)

@: no status effects
A: almost no armour, amphibious, 8 rings, camouflage 1, gelatinous body 1,
(nimble swimmer 1), tentacles, iridescent scales 1, clarity, deterioration 1
a: no special abilities


You were on level 5 of the Dungeon.
You visited 1 branch of the dungeon, and saw 5 of its levels.

You collected 148 gold pieces.

Inventory:

Hand Weapons
 k - a +0 flail
 l - a +0 war axe
 u - a +3 trident
 v - a +2 whip of venom (weapon)
Missiles
 p - a boomerang
Jewellery
 b - an amulet of magic regeneration (around mantle)
 g - a ring of poison resistance (left tentacle)
 n - a ring of protection from fire (right tentacle)
Scrolls
 c - a scroll of fog
 d - 2 scrolls of brand weapon {unknown}
 e - 2 scrolls of poison {unknown}
 h - a scroll of noise {unknown}
 m - 6 scrolls of teleportation {unknown}
 o - a scroll of enchant weapon
 q - a scroll of torment {unknown}
 w - a scroll of enchant armour {unknown}
 x - 3 scrolls of identify
Potions
 a - a potion of magic
 f - 3 potions of heal wounds
 i - a potion of attraction
 j - a potion of haste
 r - 2 potions of lignification
 s - a potion of brilliance
 t - a potion of mutation


   Skills:
 + Level 3.8 Fighting
 + Level 4.8 Dodging
 - Level 5.0 Stealth
 + Level 4.4 Spellcasting
 + Level 3.5 Hexes
 + Level 5.9 Summonings


You had 6 spell levels left.
You knew the following spells:

 Your Spells              Type           Power      Damage    Failure   Level
a - Summon Small Mammal   Summ           100%       N/A       1%          1
b - Call Imp              Summ           26%        N/A       1%          2
c - Call Canine Familiar  Summ           26%        N/A       3%          3
d - Summon Guardian Gole  Hex/Summ       22%        N/A       6%          3

Your spell library contained the following spells:

 Spells                   Type           Power      Damage    Failure   Level
 Confusing Touch          Hex            17%        N/A       10%         3
 Summon Lightning Spire   Summ/Air       15%        N/A       36%         4
 Yara's Violent Unravell  Hex/Tmut       5%         3d4       87%         5
 Enfeeble                 Hex            8%         N/A       100%        7


Dungeon Overview and Level Annotations

Branches:
Dungeon (5/15)
 Temple: D:4-7

Altars:
Dithmenos

Annotations:
D:1 2 transporters
D:2 Sigmund
D:3 2 runed translucent doors, sigtrap's ghost, amateur SpHW
D:4 1 runed translucent door, Ihaveafatcat's ghost, novice MiFi


Innate Abilities, Weirdness & Mutations

You cannot wear most types of armour.
You are amphibious.
You can wear up to eight rings at the same time.
Your skin changes colour to match your surroundings (Stealth+).
Your rubbery body absorbs attacks. (AC +1, EV +1)
((You are camouflaged when in or above water. (Stealth+)))
You have tentacles for arms and can constrict up to eight enemies at once.
You are partially covered in iridescent scales. (AC +2)
You possess an exceptional clarity of mind.
Your body sometimes deteriorates upon taking damage.


Message History

You feel your strength returning.
You start resting.
An ice beast is nearby!
Casting: Call Canine Familiar (dangerous; 3% risk of failure)
Confirm with . or Enter, or press ? or * to list all spells.
A guardian golem appears, shielding your allies.
Your guardian golem is engulfed in blazing flames.
Casting: Summon Guardian Golem (dangerous; 6% risk of failure)
Confirm with . or Enter, or press ? or * to list all spells.
You swap places.
Your attacks no longer feel as feeble.
The ice beast misses you.
Your hound barely misses the ice beast.
Your guardian golem is engulfed in blazing flames.
Your hound closely misses the ice beast.
Your hound barely misses the ice beast.
Your guardian golem is engulfed in blazing flames.
Casting: Call Canine Familiar (dangerous; 3% risk of failure)
Confirm with . or Enter, or press ? or * to list all spells.
A metallic apparition takes form in the air.
The ice beast hits you.
* * * LOW HITPOINT WARNING * * *
The ice beast freezes you!
* * * LOW HITPOINT WARNING * * *
Your hound bites the ice beast.
Your guardian golem is engulfed in blazing flames.
Your hound barely misses the ice beast.
Your guardian golem is engulfed in blazing flames.
You swap places.
Your iron imp barely misses the ice beast.
Your hound bites the ice beast but does no damage.
The ice beast barely misses you.
Your iron imp barely misses the ice beast.
Your hound bites the ice beast.
Your iron imp hits the ice beast.
Your guardian golem is engulfed in blazing flames.
You see here an adder corpse.
The ice beast attacks as you move away! The ice beast hits you.
* * * LOW HITPOINT WARNING * * *
The ice beast freezes you!
You die...

.........###..##....#####
..........................
..##..........##....######
......######..##....#
......#######.....###
...............)).#
.#....#######...○.##
.'............)†95h##
.#....######....@Y..#
.#....# #..........# .#
#### #..###......# .#
...##........# .#
..Y#....#...... .# ..
#....#.#..### ..
#..?##..... ### .###
..#..##


You could see an ice beast (ally target), a friendly guardian golem (summoned),
a friendly hound (summoned, sheltered) and a friendly iron imp (summoned,
sheltered).

Vanquished Creatures
  A scorpion (D:5)
  A jelly (D:4)
  2 orc wizards (D:5)
  An adder (D:4)
  9 orcs
  2 bats
  An endoplasm (D:4)
  A giant cockroach (D:3)
  2 hobgoblins (D:4)
  2 kobolds
  2 rats
24 creatures vanquished.

Vanquished Creatures (collateral kills)
  A black bear (D:5)
  An ogre (D:5)
  2 scorpions (D:5)
  A howler monkey (D:5)
  3 hounds (D:5)
  2 jellies
  A gnoll bouda (D:5)
  2 orc priests (D:4)
  An iguana (D:3)
  2 orc wizards
  6 adders
  4 gnolls (D:4)
  A worm (D:3)
  A dart slug (D:4)
  12 orcs
  6 endoplasms
  4 giant cockroaches
  2 goblins (D:3)
  3 hobgoblins
  4 kobolds
  2 quokkas
  4 ball pythons
  A bat (D:3)
  3 rats
69 creatures vanquished.

Vanquished Creatures (others)
  A black bear (D:4)
  An ice beast (D:5)
  A scorpion (D:4)
  A worm (D:5)
  2 withered plants (D:4)
6 creatures vanquished.

Grand Total: 99 creatures vanquished

Notes
Turn   | Place    | Note
-------+----------+-------------------------------------------
     0 | D:1      | croobank the Octopode Summoner began the quest for the Orb.
     0 | D:1      | Reached XP level 1. HP: 11/11 MP: 3/3
   372 | D:1      | Reached XP level 2. HP: 15/17 MP: 5/5
   379 | D:1      | Learned a level 2 spell: Call Imp
   498 | D:1      | Found a faded altar of an unknown god.
   782 | D:2      | Noticed Sigmund
   849 | D:2      | You fall into a shaft and drop 1 floor!
  1229 | D:3      | Reached XP level 3. HP: 21/21 MP: 3/6
  1233 | D:3      | Learned a level 3 spell: Call Canine Familiar
  1338 | D:3      | Reached XP level 4. HP: 8/27 MP: 3/7
  1660 | D:3      | Reached skill level 1 in Fighting
  1768 | D:3      | Found a shadowy altar of Dithmenos.
  2081 | D:3      | Found a runed translucent door.
  2086 | D:3      | Noticed sigtrap's ghost (amateur SpHW)
  2341 | D:3      | Found a runed translucent door.
  2341 | D:3      | Noticed a bullfrog
  2407 | D:3      | Identified the +6 mace "Jagutozoph" {vorpal, Fly rN+ rCorr
                  | Dex+2}
  2725 | D:4      | Reached XP level 5. HP: 33/33 MP: 9/9
  2729 | D:4      | Learned a level 3 spell: Summon Guardian Golem
  2814 | D:4      | Reached XP level 6. HP: 16/39 MP: 10/10
  3059 | D:4      | Reached skill level 1 in Hexes
  3284 | D:4      | Noticed a black bear
  3315 | D:4      | Killed a black bear
  3553 | D:4      | Found a runed translucent door.
  3553 | D:4      | Noticed Ihaveafatcat's ghost (novice MiFi)
  3611 | D:4      | Reached skill level 5 in Summonings
  3611 | D:4      | Reached XP level 7. HP: 45/45 MP: 10/12
  3618 | D:4      | Reached skill level 5 in Stealth
  4302 | D:5      | Entered Level 5 of the Dungeon
  4636 | D:5      | Gained mutation: You possess an exceptional clarity of
                  | mind. [potion of mutation]
  4636 | D:5      | Gained mutation: You are partially covered in iridescent
                  | scales. (AC +2) [potion of mutation]
  4636 | D:5      | Gained mutation: Your body sometimes deteriorates upon
                  | taking damage. [potion of mutation]
  4641 | D:5      | Reached XP level 8. HP: 52/52 MP: 12/14
  4923 | D:5      | Mangled by an ice beast

Illustrated notes

Levels and vault maps discovered:
D:1:      spicycebolla_arrival_transporter_tutorial, layout_rooms,
          shapermc_ecumenical_altar_pompeii
D:2:      layout_loops_ring, uniq_sigmund
D:3:      layout_basic, lemuel_tele_altar, ebering_ghost_sewer_f,
          grunt_ministairs_4
D:4:      layout_basic, gammafunk_ghost_grave, minmay_increasing_density
D:5:      layout_basic, temple_statues, serial_shops, nicolae_shop_trees,
          minmay_bent

Skill      XL: |  1  2  3  4  5  6  7  8 |
---------------+-------------------------+-----
Stealth        | 3 4 5 |  5.0
Fighting       | 1 2 3 |  3.8
Dodging        | 3 4 |  4.8
Spellcasting   | 3 4 |  4.4
Hexes          | 1 2 3 |  3.5
Summonings     | 5 |  5.9

Action                   |  1- 3 |  4- 6 |  7- 9 || total
-------------------------+-------+-------+-------++-------
Melee: Unarmed           |    17 |       |       ||    17
       Constrict         |     4 |     5 |    10 ||    19
       Tentacles         |     4 |     4 |    10 ||    18
       Flail             |       |    16 |       ||    16
       Punch             |       |     2 |       ||     2
       Whip              |       |     7 |    41 ||    48
 Cast: Summon Small Mamm |    26 |     8 |     5 ||    39
       Call Imp          |     6 |     7 |     6 ||    19
       Call Canine Famil |     3 |    15 |     8 ||    26
       Summon Guardian G |       |     3 |     6 ||     9
  Use: Scroll            |     5 |       |       ||     5
       Potion            |     2 |     1 |     2 ||     5
 Stab: Sleeping          |     1 |     3 |       ||     4
Armor: Skin              |     2 |     1 |     6 ||     9
Dodge: Dodged            |    19 |    10 |    28 ||    57
